 Dungeon Crawl Stone Soup version 0.26-a0-651-gb41185065b (webtiles) character file.

Game seed: 13660350013877861992

1507 loralnil the Sneak (level 8, -9/36 HPs)
             Began as a Vine Stalker Enchanter on Oct 12, 2020.
             Mangled by a gnoll
             ... wielding a +0 halberd
              (13 damage)
             ... on level 6 of the Dungeon.
             The game lasted 00:11:19 (5602 turns).

loralnil the Sneak (Vine Stalker Enchanter)         Turns: 5602, Time: 00:11:19

Health: -9/36      AC:  7    Str: 16    XL:     8   Next: 82%
Magic:  0/16       EV: 14    Int: 16    God:
Gold:   247        SH:  0    Dex: 17    Spells: 5/17 levels left

rFire    x . .     SeeInvis .   t - +1 short sword (speed)
rCold    + . .     Faith    .   (no shield)
rNeg     . . .     Spirit   +   p - +2 robe {MR+}
rPois    .         Reflect  .   (no helmet)
rElec    .         Harm     .   (no cloak)
rCorr    .         Rampage  .   (no gloves)
MR       ++...                  m - +2 pair of boots
Stlth    ++++......             (no amulet)
HPRegen  0.52/turn              h - ring of ice
MPRegen  0.15/turn              l - +6 ring of strength

@: very slightly contaminated, invisible
A: fangs 3, regeneration 1, magic shield, antimagic bite, no potion heal 3, rot
immunity
a: no special abilities


You were on level 6 of the Dungeon.
You visited 1 branch of the dungeon, and saw 6 of its levels.

You collected 247 gold pieces.

Inventory:

Hand Weapons
 a - a +1 dagger
 t - a +1 short sword of speed (weapon)
Armour
 m - a +2 pair of boots (worn)
 p - a +2 robe of magic resistance (worn)
Jewellery
 h - a ring of ice (left hand)
 l - a +6 ring of strength (right hand)
Wands
 j - a wand of digging (9)
 n - a wand of enslavement (6)
 s - a wand of random effects (23)
Scrolls
 b - 3 scrolls of magic mapping {unknown}
 g - 3 scrolls of remove curse
 i - 3 scrolls of amnesia
 r - a scroll of noise {unknown}
Potions
 c - 3 potions of curing
 e - a potion of berserk rage
 f - a potion of flight {unknown}
 k - 2 potions of lignification
 o - a potion of might {unknown}
 q - a potion of heal wounds {unknown}
 u - a potion of haste {unknown}


   Skills:
 + Level 4.3 Short Blades
 + Level 4.1 Dodging
 + Level 7.3 Stealth
 + Level 5.1 Spellcasting
 + Level 5.6 Hexes


You had 5 spell levels left.
You knew the following spells:

 Your Spells              Type           Power        Failure   Level
a - Corona                Hex            ###....      1%          1
b - Ensorcelled Hibernat  Hex/Ice        ###...       7%          2
c - Confusing Touch       Hex            ###.....     4%          3
d - Tukima's Dance        Hex            ###.....     4%          3
e - Dazzling Flash        Conj/Hex       ##....       14%         3

Your spell library contained the following spells:

 Spells                   Type           Power        Failure   Level


Dungeon Overview and Level Annotations

Branches:
Dungeon (6/15)
 Temple: D:4-7

Altars:
Uskayaw
Xom
The Shining One


Innate Abilities, Weirdness & Mutations

You have razor-sharp teeth.
Your natural rate of healing is unusually fast.
When hurt, damage is shared between your health and your magic reserves.
Your bite disrupts and absorbs the magic of your enemies.
Potions cannot restore your health.
You are immune to rotting.


Message History

The gnoll hits you with a +0 halberd! The gnoll closely misses you.
The gnoll hits you with a +0 club.
The gnoll hits you from afar with a +0 halberd!
The gnoll throws a throwing net.
The throwing net hits you.
You become entangled in the net!
There is a stone staircase leading up here.
You see here a throwing net.
You struggle against the net.
The gnoll hits you from afar with a +0 halberd!
* * * LOW HITPOINT WARNING * * *
You struggle against the net.
The gnoll hits you with a +0 club.
* * * LOW HITPOINT WARNING * * *
The gnoll closely misses you.
You have no ailments to cure.
You fade into invisibility!
The gnoll hits you but does no damage. x2
You are very lightly contaminated with residual magic.
You shred the net and break free! The gnoll barely misses you.
The gnoll hits you from afar with a +0 halberd!
You die...

....###
###+#)......
#....)......
+......#....
#......# .
#......#
#.†Z...#
###h##.#
#@gg# .#
##### .. ...
###


You could see a howler monkey and 2 gnolls.

Vanquished Creatures
  Sigmund (D:4)
  An ice beast (D:5)
  A phantom (D:4)
  2 ogres
  A centaur (D:5)
  A bullfrog (D:6)
  2 scorpions
  3 howler monkeys
  A bullfrog zombie (D:5)
  A hound (D:4)
  A centaur skeleton (D:4)
  A bullfrog skeleton (D:5)
  2 jellies
  2 orc wizards
  An iguana (D:5)
  A worker ant (D:4)
  A hound skeleton (D:4)
  A worker ant zombie (D:5)
  6 adders
  15 gnolls
  A shadow imp (D:5)
  A white imp (D:5)
  An ooze (D:1)
  2 adder skeletons
  7 worms
  A dart slug (D:3)
  11 orcs
  3 giant cockroaches (D:3)
  5 hobgoblins
  11 jackals
  3 quokkas
  A ball python (D:2)
  11 bats
  7 frilled lizards
  A giant cockroach zombie (D:5)
  4 goblins
  A jackal skeleton (D:5)
  4 kobolds
  A quokka zombie (D:6)
  3 rats
124 creatures vanquished.

Vanquished Creatures (others)
  A plant (D:5)
1 creature vanquished.

Grand Total: 125 creatures vanquished

Notes
Turn   | Place    | Note
-------+----------+-------------------------------------------
     0 | D:1      | loralnil the Vine Stalker Enchanter began the quest for the
                  | Orb.
     0 | D:1      | Reached XP level 1. HP: 9/9 MP: 4/4
     3 | D:1      | Noticed an electric eel
     3 | D:1      | Noticed an electric eel
   165 | D:1      | Reached skill level 1 in Short Blades
   472 | D:1      | Reached XP level 2. HP: 13/13 MP: 3/6
   476 | D:1      | Learned a level 2 spell: Ensorcelled Hibernation
  1150 | D:2      | Reached skill level 4 in Stealth
  1150 | D:2      | Reached XP level 3. HP: 16/16 MP: 7/7
  1155 | D:2      | Learned a level 3 spell: Confusing Touch
  1571 | D:2      | Gained mutation: Your natural rate of healing is unusually
                  | fast. [Vine Stalker growth]
  1571 | D:2      | Reached XP level 4. HP: 18/21 MP: 3/9
  2144 | D:2      | Reached XP level 5. HP: 21/24 MP: 10/10
  2444 | D:3      | Found a faded altar of an unknown god.
  2774 | D:3      | Reached skill level 5 in Stealth
  2815 | D:3      | Learned a level 3 spell: Tukima's Dance
  3054 | D:3      | Reached XP level 6. HP: 25/28 MP: 8/11
  3541 | D:4      | Noticed a phantom
  3594 | D:4      | Killed a phantom
  3594 | D:4      | Reached XP level 7. HP: 5/32 MP: 1/13
  4005 | D:4      | Noticed Sigmund
  4035 | D:4      | Killed Sigmund
  4035 | D:4      | Reached skill level 6 in Stealth
  4512 | D:4      | Gained mutation: You have razor-sharp teeth. [Vine Stalker
                  | growth]
  4512 | D:4      | Reached XP level 8. HP: 34/36 MP: 9/15
  4517 | D:4      | Learned a level 3 spell: Dazzling Flash
  4639 | D:5      | Entered Level 5 of the Dungeon
  4705 | D:5      | Reached skill level 5 in Hexes
  4795 | D:5      | Found a shimmering altar of Xom.
  4795 | D:5      | Found a glowing golden altar of the Shining One.
  4796 | D:5      | Found a hide-covered altar of Uskayaw.
  5139 | D:5      | Reached skill level 7 in Stealth
  5139 | D:5      | Reached skill level 5 in Spellcasting
  5602 | D:6      | Mangled by a gnoll

Illustrated notes

Levels and vault maps discovered:
D:1:      arrival_aquarium_b, layout_basic
D:2:      layout_loops_ring, corexii_hall_statues_i
D:3:      layout_basic, chequers_ecumenical_altar_island,
          chequers_serial_rivers_micro_e, minmay_misc_feat_diagonals,
          minmay_starry_boxes
D:4:      layout_basic, kennysheep_another_room, uniq_sigmund
D:5:      layout_layer_cave, gammafunk_temple_overflow_forgotten
D:6:      layout_basic

Skill      XL: |  1  2  3  4  5  6  7  8 |
---------------+-------------------------+-----
Short Blades   | 1 2 3 4 |  4.3
Stealth        | 4 5 6 7 |  7.3
Dodging        | 2 3 4 |  4.1
Spellcasting   | 3 4 5 |  5.1
Hexes          | 4 5 |  5.6

Action                   |  1- 3 |  4- 6 |  7- 9 || total
-------------------------+-------+-------+-------++-------
Melee: Dagger            |    64 |   195 |    92 ||   351
       Bite              |    16 |    57 |    44 ||   117
       Short sword       |       |       |    53 ||    53
 Cast: Corona            |     3 |     4 |       ||     7
       Ensorcelled Hiber |    14 |    25 |    33 ||    72
       Confusing Touch   |       |     2 |     2 ||     4
  Use: Scroll            |     2 |     3 |     2 ||     7
       Potion            |       |       |     1 ||     1
 Stab: Sleeping          |    11 |    25 |    27 ||    63
       Confused          |       |     2 |     2 ||     4
Armor: Robe              |     4 |    31 |    30 ||    65
Dodge: Dodged            |    45 |   109 |    82 ||   236

Table legend: (Time is in decaauts)
 A = Elapsed time spent in this place.
 B = Non-inter-level travel time spent in this place.
 C = Inter-level travel time spent in this place.
 D = Time resting spent in this place.
 E = Time spent auto-exploring this place.
 F = Levels seen in this place.
 G = Mean time per level.
                   A        B        C        D        E       F      G
               +--------+--------+--------+--------+--------+-----+--------+
         Total |   5544 |   5362 |    182 |    341 |   3979 |   6 |  924.0 |
       Dungeon |   5544 |   5362 |    182 |    341 |   3979 |   6 |  924.0 |
               +--------+--------+--------+--------+--------+-----+--------+

Top non-repeatable levels by time:
     D:2: 1450 daAuts
     D:4: 1259 daAuts
     D:1: 1147 daAuts
     D:5: 895 daAuts
     D:3: 754 daAuts
     D:6: 38 daAuts
